 Dungeon Crawl Stone Soup version 0.22.0-49-gab54619 (webtiles) character file.

2227 ssg the Insei (level 9, -1/64 HPs)
             Began as an Octopode Transmuter on Sept 3, 2018.
             Was a Follower of Cheibriados.
             Shot with an arrow by a centaur (15 damage)
             ... on level 6 of the Dungeon.
             The game lasted 00:10:30 (7480 turns).

ssg the Insei (Octopode Transmuter)                 Turns: 7480, Time: 00:10:31

Health: -1/64      AC:  2    Str: 12    XL:     9   Next: 36%
Magic:  7/12       EV: 20    Int: 20    God:    Cheibriados [*.....]
Gold:   209        SH:  5    Dex: 19    Spells: 2/12 levels left

rFire    . . .     SeeInvis .     - Unarmed
rCold    . . .     Gourm    .   (shield currently unavailable)
rNeg     . . .     Faith    .   (helmet currently unavailable)
rPois    x         Spirit   .   s - +5 amulet of reflection
rElec    .         Reflect  +   (no ring)
rCorr    .         Harm     .   (no ring)
MR       .....                  (no ring)
Stlth    ++........             (no ring)
HPRegen  0.20/turn              (no ring)
MPRegen  0.13/turn              (no ring)
                                (no ring)
                                (no ring)

@: spider-form, very slow
A: tiny, almost no armour, stealthy swim, (amphibious), 8 rings, (constrict 8)
a: End Transformation, Bend Time, Renounce Religion


You were on level 6 of the Dungeon.
You worshipped Cheibriados.
Cheibriados was aware of your devotion.
You were very hungry.
You were a venomous arachnid creature.
You visited 2 branches of the dungeon, and saw 7 of its levels.

You collected 209 gold pieces.

Inventory:

Missiles
 a - 125 arrows
 k - 7 javelins (quivered)
Jewellery
 j - an uncursed amulet of harm
 s - a +5 amulet of reflection (around neck)
Wands
 l - a wand of paralysis (16)
Scrolls
 b - a scroll of identify
 d - a scroll of random uselessness
 e - 2 scrolls of fear
 g - 2 scrolls of magic mapping
 h - 3 scrolls of teleportation
 p - 5 scrolls of remove curse
 q - 2 scrolls of blinking
Potions
 f - a potion of lignification {unknown}
 i - a potion of flight
 r - 2 potions of might {unknown}
 u - a potion of haste {unknown}
Comestibles
 c - 13 rations


   Skills:
 + Level 7.0 Fighting
 - Level 2.0 Dodging
 + Level 7.7 Unarmed Combat
 - Level 2.0 Spellcasting
 + Level 7.3 Transmutations


You had 2 spell levels left.
You knew the following spells:

 Your Spells              Type           Power        Failure   Level  Hunger
a - Beastly Appendage     Tmut           ####..       4%          1    #......
b - Spider Form           Tmut/Pois      ###.......   26%         3    ###....
c - Sticks to Snakes      Tmut           ####....     6%          2    ##.....
d - Ice Form              Ice/Tmut       ###.....     56%         4    #####..

Your spell library contained the following spells:

 Spells                   Type           Power        Failure   Level  Hunger
 Blade Hands              Tmut           ####......   43%         5    ######.


Dungeon Overview and Level Annotations

Branches:
Dungeon (6/15)             Temple (1/1) D:4

Altars:
Ashenzari
Cheibriados
Dithmenos
Elyvilon
Fedhas
Gozag
Makhleb
Nemelex Xobeh
Okawaru
Qazlal
Ru
Sif Muna
Trog
Uskayaw
Wu Jian
Xom
Yredelemnul
Zin
The Shining One


Innate Abilities, Weirdness & Mutations

You cannot wear most types of armour.
You are very stealthy in the water. (Stealth+)
((You are amphibious.))
You can wear up to eight rings at the same time.
((You can use your tentacles to constrict eight enemies at once.))
((Your skin changes colour to match your surroundings (Stealth+).))
((Your rubbery body absorbs attacks. (AC +1, EV +1)))
((You are partially covered in iridescent scales. (AC +2)))


Message History

You reflect the arrow off an invisible shield around you!
The arrow closely misses the centaur.
The centaur shoots an arrow.
The arrow hits you!
You see here an arrow.
The centaur shoots an arrow.
The arrow barely misses you.
The centaur shoots an arrow.
The arrow closely misses you.
Casting: Spider Form (safe; 11% risk of failure)
Confirm with . or Enter, or press ? or * to list all spells.
You create 2 snakes!
You now have 125 arrows.
The centaur shoots an arrow.
The arrow hits you!
Casting: Sticks to Snakes (safe; 1% risk of failure)
Confirm with . or Enter, or press ? or * to list all spells.
You turn into a venomous arachnid creature.
You are feeling very hungry.
The centaur shoots an arrow.
The arrow hits you.
The centaur shoots an arrow.
The arrow misses your adder. The arrow hits you!
* * * LOW HITPOINT WARNING * * *
The centaur shoots an arrow.
The arrow closely misses your adder. The arrow hits you!
You die...

..#....+...'..........#..........
..#....#...#..........#........⌠.
####..##..##..........##..#......
########.>#.....#########'##._...
......'...#.....#......#...+.....
......#.).#.....#......#...#.....
########..#.....#......#...#.....
###...##..#.....####(###'###,.###
.#....##..#(.cS.s((((......#,,*,,
.'....######......S........#,,*,,
.#.........#...............#,,*,,
.#.........#...............#,,,,,
#########..#......[..........,,,,
#.......####....##############***
'.......# #....+,,,,,,,,*
#.......# #....*,,,,,,,,*
#.......#***,,,,*+**********


You could see a centaur, a friendly adder and a friendly ball python.

Vanquished Creatures
  Grinder (D:3)
  Sigmund (D:3)
  An ice beast (D:6)
  A sky beast (D:5)
  3 ogres
  3 centaurs (D:5)
  Blork the orc (D:5)
  3 bullfrogs (D:6)
  A scorpion (D:6)
  A bullfrog zombie (D:5)
  A jelly (D:5)
  An orc wizard (D:5)
  Crazy Yiuf (D:5)
  Terence (D:3)
  A worker ant (D:4)
  A hound zombie (D:5)
  A hound skeleton (D:5)
  A worker ant zombie (D:2)
  12 adders
  3 gnolls
  2 oozes
  An adder skeleton (D:4)
  5 worms
  2 dart slugs
  3 leopard geckos
  7 orcs
  7 giant cockroaches
  7 goblins
  10 hobgoblins
  11 jackals
  6 kobolds
  A quokka (D:3)
  A ball python (D:2)
  10 bats
  8 frilled lizards
  A jackal skeleton (D:5)
  5 rats
126 creatures vanquished.

Vanquished Creatures (collateral kills)
  Pikel (D:6)
1 creature vanquished.

Vanquished Creatures (others)
  A giant cockroach (D:6)
  A quokka (D:6)
2 creatures vanquished.

Grand Total: 129 creatures vanquished

Notes
Turn   | Place    | Note
-------+----------+-------------------------------------------
     0 | D:1      | ssg the Octopode Transmuter began the quest for the Orb.
     0 | D:1      | Reached XP level 1. HP: 13/13 MP: 3/3
    62 | D:1      | Reached XP level 2. HP: 17/18 MP: 5/5
   379 | D:1      | Reached XP level 3. HP: 17/24 MP: 6/6
   829 | D:2      | Reached XP level 4. HP: 14/29 MP: 7/7
  1890 | D:3      | Reached XP level 5. HP: 15/35 MP: 8/8
  1901 | D:3      | Noticed Terence
  2116 | D:3      | Killed Terence
  2863 | D:3      | Found a faded altar of an unknown god.
  2954 | D:3      | Noticed Grinder
  2957 | D:3      | Gained mutation: Your spells are a little harder to cast,
                  | but a little more powerful. [potion of mutation]
  2957 | D:3      | Lost mutation: Your spells are a little harder to cast, but
                  | a little more powerful. [potion of mutation]
  2957 | D:3      | Gained mutation: You are resistant to hostile enchantments.
                  | (MR+) [potion of mutation]
  2959 | D:3      | Lost mutation: You are resistant to hostile enchantments.
                  | (MR+) [potion of mutation]
  2959 | D:3      | Gained mutation: You evolve. [potion of mutation]
  2959 | D:3      | Gained mutation: You are partially covered in iridescent
                  | scales. (AC +2) [potion of mutation]
  2970 | D:3      | Killed Grinder
  2970 | D:3      | Reached XP level 6. HP: 14/43 MP: 9/9
  3184 | D:3      | Noticed Sigmund
  3190 | D:3      | Learned a level 3 spell: Spider Form
  3206 | D:3      | Killed Sigmund
  3206 | D:3      | Reached skill level 5 in Unarmed Combat
  3206 | D:3      | Reached XP level 7. HP: 37/48 MP: 7/10
  3459 | D:3      | Learned a level 2 spell: Sticks to Snakes
  3541 | D:4      | Found a staircase to the Ecumenical Temple.
  3576 | Temple   | Entered the Ecumenical Temple
  3683 | Temple   | Became a worshipper of Cheibriados the Contemplative
  3755 | D:4      | Lost mutation: You evolve. [evolution]
  4638 | D:5      | Entered Level 5 of the Dungeon
  4669 | D:5      | Reached skill level 5 in Transmutations
  5056 | D:5      | Reached skill level 5 in Fighting
  5056 | D:5      | Reached XP level 8. HP: 55/55 MP: 6/11
  5101 | D:5      | Learned a level 4 spell: Ice Form
  5394 | D:5      | Found a runed door.
  5401 | D:5      | Noticed Crazy Yiuf
  5417 | D:5      | Killed Crazy Yiuf
  5594 | D:5      | Noticed Blork the orc
  5761 | D:5      | Killed Blork the orc
  5987 | D:5      | Reached * piety under Cheibriados
  6856 | D:6      | Reached XP level 9. HP: 18/63 MP: 6/12
  6873 | D:6      | HP: 3/63 [poisoned by a scorpion]
  6879 | D:6      | HP: 2/63 [poisoned by a scorpion]
  6887 | D:6      | HP: 1/63 [poisoned by a scorpion]
  6897 | D:6      | HP: 2/63 [poisoned by a scorpion]
  7320 | D:6      | Noticed Pikel
  7336 | D:6      | Killed Pikel
  7457 | D:6      | Found a shimmering altar of Xom.
  7457 | D:6      | Found an iron altar of Okawaru.
  7457 | D:6      | Found a glowing silver altar of Zin.
  7480 | D:6      | Shot with an arrow by a centaur

Skill      XL: |  1  2  3  4  5  6  7  8  9 |
---------------+----------------------------+-----
Fighting       | 2 3 4 5 6 7 |  7.0
Transmutations | 3 4 5 6 7 |  7.3
Unarmed Combat | 4 5 7 |  7.7
Dodging        | |  2.0
Spellcasting   | |  2.0

Action                   |  1- 3 |  4- 6 |  7- 9 || total
-------------------------+-------+-------+-------++-------
Melee: Unarmed           |    87 |   140 |   191 ||   418
       Constrict         |    30 |    30 |    20 ||    80
       Tentacles         |    14 |    21 |    24 ||    59
       Punch             |     6 |     1 |     7 ||    14
       Kick              |       |     3 |       ||     3
Throw: Javelin           |       |     2 |     1 ||     3
 Cast: Beastly Appendage |       |     1 |       ||     1
       Spider Form       |       |     1 |     7 ||     8
       Sticks to Snakes  |       |       |     6 ||     6
Invok: Bend Time         |       |       |     2 ||     2
  Use: Scroll            |     2 |       |     9 ||    11
       Potion            |     1 |     4 |     3 ||     8
 Stab: Sleeping          |     6 |     3 |     7 ||    16
  Eat: Chunk             |       |     7 |     7 ||    14
       Ration            |       |       |     2 ||     2
Armor: Skin              |     9 |    15 |    20 ||    44
Dodge: Dodged            |    67 |   108 |   129 ||   304
Block: Other             |       |       |    34 ||    34
       Reflection        |       |       |     2 ||     2
